Cogmind - Beta 11.1 @@@ ROGUE MODE // 2022.12.03 @ 01:30:20 Player: woegarden Result: Destroyed by L-41 Fighter with Axe Performance ------------- Evolutions (3) 1500 Regions Visited (9) 1800 Robots Destroyed (19) 95 Value Destroyed (261) 261 Prototype IDs (23) 460 Alien Tech Used (0) 0 Bonus (300) 300 TOTAL SCORE: 4416 Bonus ------- Aligned with FarCom 300 Cogmind --------- Core Integrity 0/700 Matter 249/300 Energy 100/100 System Corruption 0% Temperature Cool (0) Movement Core (50) Location -7/Lower Caves Parts ------- > --- POWER (2) -------- (None) > --- PROPULSION (4) --- (None) > --- UTILITY (4) ------ (None) > --- WEAPON (3) ------- (None) > --- INVENTORY (5) ---- Improved Terrain Scanner ECM Suite Dynamic Insulation System Longsword +1 Peak State ------------ > --- POWER ------------ Light Nuclear Core > --- PROPULSION ------- Compact Wheel Compact Wheel > --- UTILITY ---------- Medium Storage Unit Improved Terrain Scanner Seismic Detector > --- WEAPON ----------- Medium Laser Shock Bomb Launcher Mini Grenade Launcher > --- INVENTORY -------- Light Nuclear Core Humpback High-capacity Matter Pod Structural Scanner Machine Analyzer ECM Suite EM Shotgun Autogun Longsword +1 [Rating: 18] Favorites ----------- Power Light Nuclear Core Engine Ion Engine Power Core Light Nuclear Core Propulsion Compact Wheel Treads Light Treads Leg Aluminum Leg Wheel Compact Wheel Utility Improved Terrain Scanner Device Improved Terrain Scanner Storage Medium Storage Unit Processor Targeting Computer Hackware System Shield Weapon Medium Laser Energy Gun Medium Laser Ballistic Gun Autogun Launcher Grenade Launcher Build | -11 -10 -10 -9 -9 -9 -8 -8 -7 -7 ------- Run | Scr Mat Min Mat Min Exi Min Mat Fac Low Slots Evolved 6 | . . . 2 . . . 2 2 . Power 1 | . . . . . . . . 1 . Propulsion 2 | . . . . . . . 1 1 . Utility 2 | . . . 1 . . . 1 . . Weapon 1 | . . . 1 . . . . . . Parts Attached 41 | 10 6 . 5 . 3 4 6 . 7 Power 4 | . . . 2 . . 1 . . 1 Engine 2 | . . . 1 . . . . . 1 Core 2 | . . . 1 . . 1 . . . Reactor . | . . . . . . . . . . Propulsion 8 | 6 2 . . . . . . . . Treads 4 | 4 . . . . . . . . . Leg . | . . . . . . . . . . Wheel 4 | 2 2 . . . . . . . . Hover . | . . . . . . . . . . Flight . | . . . . . . . . . . Utility 18 | 4 1 . 2 . 3 . 3 . 5 Device 12 | 3 1 . 2 . 2 . 1 . 3 Storage 3 | 1 . . . . 1 . 1 . . Processor 2 | . . . . . . . 1 . 1 Hackware 1 | . . . . . . . . . 1 Protection . | . . . . . . . . . . Artifact . | . . . . . . . . . . Weapon 11 | . 3 . 1 . . 3 3 . 1 Energy Gun 2 | . 1 . 1 . . . . . . Energy Cannon . | . . . . . . . . . . Ballistic Gun 3 | . 1 . . . . 1 1 . . Ballistic Cannon . | . . . . . . . . . . Launcher 6 | . 1 . . . . 2 2 . 1 Special Weapon . | . . . . . . . . . . Impact Weapon . | . . . . . . . . . . Slashing Weapon . | . . . . . . . . . . Piercing Weapon . | . . . . . . . . . . Special Melee Weapon . | . . . . . . . . . . Unidentified Prototypes . | . . . . . . . . . . Parts Lost 7 | . . . . . . 2 . . 5 Power 3 | . . . . . . 1 . . 2 Propulsion 2 | . . . . . . 1 . . 1 Utility . | . . . . . . . . . . Weapon 2 | . . . . . . . . . 2 Highest Loss Streak 3 | . . . . . . 2 . . 3 To Critical Strikes . | . . . . . . . . . . Average Slot Usage (%) 81 | . 100 100 100 100 100 98 70 61 23 Engine 1 | . 14 14 4 . . . . . 2 Core 8 | . . . 6 11 11 10 9 7 . Wheel 15 | . 22 28 22 22 22 21 9 7 1 Device 23 | . 14 14 33 33 28 22 22 15 8 Storage 6 | . 14 14 . . 4 11 11 7 1 Energy Gun 14 | . 11 14 22 22 22 20 9 7 . Ballistic Gun 8 | . 6 14 11 11 11 10 9 7 1 Naked Turns 84 | . . . . . . . . . 84 Heaviest Build 42 | 13 16 16 16 16 25 26 42 24 23 Greatest Support 40 | 40 40 32 32 32 32 32 16 16 16 Greatest Overweight (x) 2 | . . . . . . 1 2 1 2 Average Overweight (x) . | . . . . . . . 1 1 . Largest Inventory Capacity 15 | 8 8 8 8 5 10 10 15 10 10 Average Capacity 8 | 7 8 8 5 5 6 10 11 10 6 Most Carried 10 | 6 8 8 7 5 10 10 10 10 10 Average Carried 7 | 5 7 8 4 5 6 9 9 9 5 Final Capacity 10 | 8 8 8 5 5 10 10 10 10 5 Final Carried 10 | 6 8 8 5 5 10 10 9 10 4 Class Distribution -------------------- 80% | Skirmisher 19% | Mutant Dominant Class ---------------- Mutant | -10/Materials Mutant | -10/Mines Skirmisher | -9/Materials Skirmisher | -9/Mines Skirmisher | -9/Exiles Skirmisher | -8/Mines Skirmisher | -8/Materials Skirmisher | -7/Factory Mutant | -7/Lower Caves Resources | -11 -10 -10 -9 -9 -9 -8 -8 -7 -7 ----------- Run | Scr Mat Min Mat Min Exi Min Mat Fac Low Matter Collected 845 | 311 . . . . 179 163 116 . 76 Remotely . | . . . . . . . . . . Salvage Created 535 | 213 65 . 44 . . 97 116 . . Parts 52 | 24 7 . 4 . . 9 8 . . Haulers Intercepted . | . . . . . . . . . . Recyclers Shooed 1 | 1 . . . . . . . . . Parts Field Recycled . | . . . . . . . . . . Retrieved Matter . | . . . . . . . . . . Parts Self-Destructed . | . . . . . . . . . . Prevented . | . . . . . . . . . . Kills | -11 -10 -10 -9 -9 -9 -8 -8 -7 -7 ------- Run | Scr Mat Min Mat Min Exi Min Mat Fac Low Combat Hostiles Destroyed 5 | . . . . . . 3 2 . . Guns 5 | . . . . . . 3 2 . . Classes Destroyed 7 | 3 1 . 1 . . 1 1 . . Worker 3 | 2 1 . . . . . . . . Tunneler 5 | 5 . . . . . . . . . Recycler 2 | 1 . . . . . 1 . . . Mechanic 1 | . . . 1 . . . . . . Watcher 3 | . 2 . 1 . . . . . . Swarmer 3 | . . . . . . 3 . . . Sentry 2 | . . . . . . . 2 . . Best Kill Streak 6 | 6 3 . 2 . . 3 2 . . Combat Bots Only 3 | . . . . . . 3 2 . . Max Kills in Single Turn 2 | 1 2 . 1 . . 2 1 . . Gunslinging 1 | . . . . . . 1 . . . Exploded . | . . . . . . . . . . Melee . | . . . . . . . . . . Uniques/NPCs Destroyed . | . . . . . . . . . . Combat | -11 -10 -10 -9 -9 -9 -8 -8 -7 -7 -------- Run | Scr Mat Min Mat Min Exi Min Mat Fac Low Damage Taken 1720 | . 25 . . . . 318 374 . 1003 Core 955 | . 9 . . . . 81 136 . 729 Absorbed by Shields . | . . . . . . . . . . Core Remaining (%) 87 | 100 . 96 . . . 79 75 . . Volleys Fired 53 | 24 3 . 3 . . 11 12 . . Largest 3 | 2 2 . 3 . . 3 2 . . Hottest 118 | 40 80 . 118 . . 118 73 . . Shots Fired 105 | 48 4 . 8 . . 23 22 . . Gun 97 | 48 3 . 8 . . 18 20 . . Cannon . | . . . . . . . . . . Launcher 8 | . 1 . . . . 5 2 . . Special . | . . . . . . . . . . Kinetic 67 | 48 . . 3 . . 6 10 . . Thermal 22 | . 3 . 3 . . 6 10 . . Explosive 5 | . 1 . . . . 3 1 . . Electromagnetic 11 | . . . 2 . . 8 1 . . Robot Hit Streak 10 | 10 6 . 7 . . 4 6 . . Robot Miss Streak 7 | 1 . . 1 . . 7 2 . . Penetration Max . | . . . . . . . . . . Secondary Targets 1 | . . . . . . 1 . . . Max Gunslinging Chain 1 | . . . . . . 1 . . . Shots Hit Robots 68 | 35 3 . 6 . . 9 15 . . Core Hits 34 | 16 3 . 2 . . 7 6 . . Critical Kills 1 | 1 . . . . . . . . . Critical Parts Destroyed . | . . . . . . . . . . Critical Strikes 1 | 1 . . . . . . . . . Destroy 1 | 1 . . . . . . . . . Melee Attacks . | . . . . . . . . . . Impact . | . . . . . . . . . . Slashing . | . . . . . . . . . . Piercing . | . . . . . . . . . . Sneak Attacks . | . . . . . . . . . . Combat Hostiles . | . . . . . . . . . . Follow-up Attacks . | . . . . . . . . . . Damage Inflicted 1009 | 291 58 . 83 . . 304 265 . 8 Guns 689 | 291 38 . 83 . . 73 204 . . Cannons . | . . . . . . . . . . Explosions 312 | . 20 . . . . 231 61 . . Melee . | . . . . . . . . . . Ramming 8 | . . . . . . . . . 8 Kinetic 452 | 291 . . 32 . . 12 117 . . Thermal 176 | . 38 . 26 . . 25 87 . . Explosive 197 | . 20 . . . . 145 32 . . Electromagnetic 176 | . . . 25 . . 122 29 . . Impact . | . . . . . . . . . . Slashing . | . . . . . . . . . . Piercing . | . . . . . . . . . . Highest Corruption 1 | . . . . . . . 1 . . Average Corruption 1 | . . . . . . . 1 . . Corruption Purged . | . . . . . . . . . . Corruption Blocked . | . . . . . . . . . . Effects 5 | . . . . . . . 5 . . Matter Fused 2 | . . . . . . . 2 . . Heat Flow Errors 2 | . . . . . . . 2 . . Alerts 1 | . . . . . . . 1 . . Overload Shots . | . . . . . . . . . . Overflow Damage . | . . . . . . . . . . Projectiles . | . . . . . . . . . . Explosions . | . . . . . . . . . . Melee . | . . . . . . . . . . Knockbacks . | . . . . . . . . . . Impact . | . . . . . . . . . . Kinetic . | . . . . . . . . . . Secondary . | . . . . . . . . . . Self-Inflicted Damage 50 | . . . . . . 34 13 . 3 Shots 2 | . . . . . . 1 1 . . Rammed 3 | . . . . . . . . . 3 Targets Rammed 3 | . . . . . . . . . 3 Kicked . | . . . . . . . . . . Crushed . | . . . . . . . . . . Highest Temperature 212 | . 20 . 73 . . 195 212 . . Average Temperature 54 | . 12 . 31 . . 73 48 . . Received Heat Transfer 513 | . . . . . . 108 207 . 198 Siege Activations . | . . . . . . . . . . Robots Corrupted . | . . . . . . . . . . Combat Hostiles . | . . . . . . . . . . Parts Fried . | . . . . . . . . . . Impact Corruptions . | . . . . . . . . . . Robots Melted . | . . . . . . . . . . Combat Hostiles . | . . . . . . . . . . Parts Melted . | . . . . . . . . . . Heat Transferred 518 | . 111 . 74 . . 74 259 . . Parts Sabotaged . | . . . . . . . . . . Parts Stolen . | . . . . . . . . . . Parts Stripped . | . . . . . . . . . . Power Chain Reactions 1 | . . . . . . 1 . . . Missiles Intercepted . | . . . . . . . . . . Alert | -11 -10 -10 -9 -9 -9 -8 -8 -7 -7 ------- Run | Scr Mat Min Mat Min Exi Min Mat Fac Low Peak Influence 145 | 40 87 48 45 17 . 145 124 9 . Initial 48 | . 26 33 18 17 . . 48 9 . Average 38 | 17 58 46 38 17 . 78 35 9 . Maximum Alert Level . | . . . . . . . . . . Low Security (%) 100 | 100 100 100 100 100 . 100 100 100 . Level 1 . | . . . . . . . . . . Level 2 . | . . . . . . . . . . Level 3 . | . . . . . . . . . . Level 4 . | . . . . . . . . . . Level 5 . | . . . . . . . . . . High Security . | . . . . . . . . . . Max Security . | . . . . . . . . . . Squads Dispatched 3 | . 1 . . . . . 1 1 . Investigation 1 | . . . . . . . . 1 . Extermination . | . . . . . . . . . . Reinforcement 1 | . 1 . . . . . . . . Assault . | . . . . . . . . . . Garrison 1 | . . . . . . . 1 . . Intercept . | . . . . . . . . . . Searches Triggered . | . . . . . . . . . . Construction Impeded . | . . . . . . . . . . Haulers Reinforced . | . . . . . . . . . . Active Scanning Responses . | . . . . . . . . . . Cargo Convoy Interrupts . | . . . . . . . . . . Stealth | -11 -10 -10 -9 -9 -9 -8 -8 -7 -7 --------- Run | Scr Mat Min Mat Min Exi Min Mat Fac Low Distress Signals 2 | . 1 . . . . 1 . . . Communications Jammed . | . . . . . . . . . . Distress Signals . | . . . . . . . . . . Times Spotted 47 | . 6 2 5 . . 7 5 . 22 Peak Tracking Total 12 | . 4 2 5 . . 4 3 . 12 Tactical Retreats 7 | . . . . . . . . . 7 Traps | -11 -10 -10 -9 -9 -9 -8 -8 -7 -7 ------- Run | Scr Mat Min Mat Min Exi Min Mat Fac Low Traps Triggered 2 | . 1 . . . . . 1 . . Indirectly . | . . . . . . . . . . Trap Hack Attempts . | . . . . . . . . . . Triggered . | . . . . . . . . . . Disarmed . | . . . . . . . . . . Reprogrammed . | . . . . . . . . . . Reused . | . . . . . . . . . . Traps Extracted . | . . . . . . . . . . Installed . | . . . . . . . . . . Triggered . | . . . . . . . . . . Machines | -11 -10 -10 -9 -9 -9 -8 -8 -7 -7 ---------- Run | Scr Mat Min Mat Min Exi Min Mat Fac Low Machines Disabled 3 | . . . . . . 2 1 . . Max in Single Turn 1 | . . . . . . 1 1 . . Machines Sabotaged . | . . . . . . . . . . Garrisons Compromised . | . . . . . . . . . . Overloaded Fab Kills . | . . . . . . . . . . Hacking | -11 -10 -10 -9 -9 -9 -8 -8 -7 -7 --------- Run | Scr Mat Min Mat Min Exi Min Mat Fac Low Machines Accessed 3 | . . . . . 1 . 1 1 . Terminals 1 | . . . . . . . 1 . . Fabricators . | . . . . . . . . . . Repair Stations . | . . . . . . . . . . Recycling Units . | . . . . . . . . . . Scanalyzers . | . . . . . . . . . . Garrison Access 1 | . . . . . . . . 1 . Total Hacks 7 | . . . . . 1 . 3 3 . Successful 1 | . . . . . 1 . . . . Failed 6 | . . . . . . . 3 3 . Catastrophic 1 | . . . . . . . . 1 . Database Lockouts . | . . . . . . . . . . Manual 1 | . . . . . 1 . . . . Terminals 3 | . . . . . . . 3 . . Fabricators . | . . . . . . . . . . Repair Stations . | . . . . . . . . . . Recycling Units . | . . . . . . . . . . Scanalyzers . | . . . . . . . . . . Garrison Access 3 | . . . . . . . . 3 . Terminal Hacks 1 | . . . . . 1 . . . . EX-Prototype ID Bank 1 | . . . . . 1 . . . . Fabricator Hacks . | . . . . . . . . . . Repair Station Hacks . | . . . . . . . . . . Recycling Unit Hacks . | . . . . . . . . . . Scanalyzer . | . . . . . . . . . . Garrison Access Hacks . | . . . . . . . . . . Unauthorized Hacks . | . . . . . . . . . . Terminals . | . . . . . . . . . . Fabricators . | . . . . . . . . . . Repair Stations . | . . . . . . . . . . Recycling Units . | . . . . . . . . . . Scanalyzers . | . . . . . . . . . . Garrison Access . | . . . . . . . . . . Data Cores Recovered . | . . . . . . . . . . Used . | . . . . . . . . . . Hacking Detections 1 | . . . . . . . . 1 . Full Trace Events 1 | . . . . . . . . 1 . Feedback Events . | . . . . . . . . . . Feedback Blocked . | . . . . . . . . . . Robot Schematics Acquired . | . . . . . . . . . . Robots Built . | . . . . . . . . . . Authchips . | . . . . . . . . . . Time . | . . . . . . . . . . Total Robot Build Rating . | . . . . . . . . . . Part Schematics Acquired . | . . . . . . . . . . Parts Built . | . . . . . . . . . . Authchips . | . . . . . . . . . . Time . | . . . . . . . . . . Total Part Build Rating . | . . . . . . . . . . Parts Repaired . | . . . . . . . . . . Time . | . . . . . . . . . . Parts Recycled . | . . . . . . . . . . Recycled Matter . | . . . . . . . . . . Retrieved Matter . | . . . . . . . . . . Retrieved Components . | . . . . . . . . . . Parts Scanalyzed . | . . . . . . . . . . Part Schematics Acquired . | . . . . . . . . . . Parts Damaged . | . . . . . . . . . . Bothacking | -11 -10 -10 -9 -9 -9 -8 -8 -7 -7 ------------ Run | Scr Mat Min Mat Min Exi Min Mat Fac Low Used RIF Installer . | . . . . . . . . . . Robots Hacked . | . . . . . . . . . . Non-combat . | . . . . . . . . . . Combat . | . . . . . . . . . . Robot Hacks Applied . | . . . . . . . . . . Relay Couplers Released . | . . . . . . . . . . Fabnet Peak Effective % . | . . . . . . . . . . Robots Rewired . | . . . . . . . . . . Allies Hacked . | . . . . . . . . . . Hacks Repelled . | . . . . . . . . . . Allies | -11 -10 -10 -9 -9 -9 -8 -8 -7 -7 -------- Run | Scr Mat Min Mat Min Exi Min Mat Fac Low Total Allies . | . . . . . . . . . . Largest Group . | . . . . . . . . . . Highest-Rated Group . | . . . . . . . . . . Highest-Rated Ally . | . . . . . . . . . . Total Orders . | . . . . . . . . . . Ally Attacks . | . . . . . . . . . . Total Damage . | . . . . . . . . . . Kills . | . . . . . . . . . . Allies Corrupted . | . . . . . . . . . . Allies Melted . | . . . . . . . . . . Intel | -11 -10 -10 -9 -9 -9 -8 -8 -7 -7 ------- Run | Scr Mat Min Mat Min Exi Min Mat Fac Low Robot Analysis Total . | . . . . . . . . . . Derelict Logs Recovered . | . . . . . . . . . . Drone Launches . | . . . . . . . . . . Drone Recoveries . | . . . . . . . . . . Exploration | -11 -10 -10 -9 -9 -9 -8 -8 -7 -7 ------------- Run | Scr Mat Min Mat Min Exi Min Mat Fac Low Turns Passed 2983 | 120 148 12 107 108 1036 206 822 131 293 Spaces Moved 2089 | 21 113 13 82 109 877 81 283 109 401 Core 344 | . . . . . . . . . 344 Treads 26 | 8 18 . . . . . . . . Legs . | . . . . . . . . . . Wheels 1719 | 13 95 13 82 109 877 81 283 109 57 Hover . | . . . . . . . . . . Flight . | . . . . . . . . . . Fastest Speed 50 | 100 100 100 100 100 100 100 115 115 50 Average Speed 97 | 122 109 100 100 100 100 100 120 115 64 Slowest Speed 160 | 160 160 100 100 100 100 115 130 115 150 Overloaded Moves . | . . . . . . . . . . Propulsion Burnouts . | . . . . . . . . . . Robots Hopped . | . . . . . . . . . . Cave-ins Triggered . | . . . . . . . . . . Exploration Rate (%) 26 | 3 27 5 16 28 92 17 27 3 47 Regions Visited 9 Branch Regions 5 Pre-discovered Areas 1 | . . . . 1 . . . . . Known Exits Taken . | . . . . . . . . . . Unknown Exits Taken 9 | 1 1 1 1 1 1 1 1 1 . Scrap Searched 1 | . . . . . . . . . 1 Spaces Dug . | . . . . . . . . . . Terrain Destroyed 48 | . 4 . . . . 36 8 . . Melee . | . . . . . . . . . . Projectile . | . . . . . . . . . . AOE 48 | . 4 . . . . 36 8 . . Terrain Rammed . | . . . . . . . . . . Walls Destroyed . | . . . . . . . . . . Machines Disabled . | . . . . . . . . . . Actions | -11 -10 -10 -9 -9 -9 -8 -8 -7 -7 --------- Run | Scr Mat Min Mat Min Exi Min Mat Fac Low Total 2952 | 75 134 12 104 108 1035 188 744 116 436 Wait 707 | 15 . . . . 151 91 436 . 14 Move 2080 | 20 112 12 81 108 876 80 282 108 401 Hop . | . . . . . . . . . . Pick Up 31 | 1 8 . 7 . 4 . 3 4 4 Fast Attach 11 | 3 1 . 1 . 1 . 3 . 2 Attach 17 | 1 4 . 3 . . 2 2 . 5 Detach 8 | 2 1 . . . . 2 1 . 2 Swap 13 | 6 1 . 1 . 2 2 1 . . Drop 29 | 3 4 . 8 . 1 . 4 4 5 Fire 53 | 24 3 . 3 . . 11 12 . . Melee . | . . . . . . . . . . Ram 3 | . . . . . . . . . 3 Kick . | . . . . . . . . . . Crush . | . . . . . . . . . . Escape Stasis . | . . . . . . . . . . Rewire . | . . . . . . . . . . Trap . | . . . . . . . . . . Miscellaneous . | . . . . . . . . . . Route ------- -11/Scrapyard -10/Materials -10/Mines -9/Materials -9/Mines -9/Exiles (discovered 2 exits: [*Min x2]) -8/Mines -8/Materials -7/Factory -7/Lower Caves History --------- Turn | Location | Event 22 | -11/Scrapyard | Discovered new exit (range 3) 121 | -11/Scrapyard | Entered Materials 241 | -10/Materials | Discovered new exit (range 9) 269 | -10/Materials | Entered Mines 275 | -10/Mines | Discovered new exit (range 6) 281 | -10/Mines | Entered Materials 281 | -9/Materials | Evolved 2 slots: Utility x1, Weapon x1 382 | -9/Materials | Discovered new exit (range 7) 388 | -9/Materials | Entered Mines 389 | -9/Mines | Learned location of Storage (-8) 456 | -9/Mines | Received a Rocket Launcher from a helpful Derelict 492 | -9/Mines | Deemed a non-threat by the Exiles lab entrance 492 | -9/Mines | Discovered new exit (range 5) 496 | -9/Mines | Entered Exiles 520 | -9/Exiles | Met 8R-AWN 526 | -9/Exiles | Discovered new exit (range 14) 560 | -9/Exiles | Build established: Skirmisher 592 | -9/Exiles | Met EX-HEX 631 | -9/Exiles | Met EX-DEC 665 | -9/Exiles | Visited The Gauntlet 1013 | -9/Exiles | Met EX-BIN 1027 | -9/Exiles | Aligned with FarCom system 1028 | -9/Exiles | Given EX-Vault access code 1052 | -9/Exiles | Opened EX-Vault 1076 | -9/Exiles | Warned to stay clear of 0b10 Research branches 1327 | -9/Exiles | Found Longsword +1 1505 | -9/Exiles | Discovered new exit (range 10) 1532 | -9/Exiles | Left Exiles lab with Longsword +1 1532 | -9/Exiles | Entered Mines 1708 | -8/Mines | Discovered new exit (range 9) 1738 | -8/Mines | Entered Materials 1738 | -8/Materials | Evolved 2 slots: Propulsion x1, Utility x1 2033 | -8/Materials | Garrison activated, responded to threat 2544 | -8/Materials | Discovered new exit (range 14) 2560 | -8/Materials | Entered Factory 2560 | -7/Factory | Evolved 2 slots: Power x1, Propulsion x1 2648 | -7/Factory | Discovered new exit (range 10) 2691 | -7/Factory | Entered Lower Caves 2723 | -7/Lower Caves | Spotted B-75 Beast 2761 | -7/Lower Caves | Released all parts (3) 2792 | -7/Lower Caves | Lost 3 parts (1p1n1w) 2884 | -7/Lower Caves | Attracted the attention of an 0b10 outpost 2905 | -7/Lower Caves | Released all parts (3) 2907 | -7/Lower Caves | Core integrity fell below 50% 2958 | -7/Lower Caves | Core integrity fell below 20% 2975 | -7/Lower Caves | Build established: Mutant 2984 | -7/Lower Caves | Destroyed by L-41 Fighter with Axe Last Messages --------------- 02884_ Y-64 Sentinel: "DETECTED UNIDENTIFIED DERELICT." 02884_ S-27 Virus springs to life. 02888_ Y-64 Sentinel: "REQUESTING BACKUP." 02897_ Slammed into S-27 Virus. 02897_ Weight Redist. System broken. 02897_ Destabilizing: Short circuit. 02898_ Slammed into S-27 Virus. 02903_ Deuterium Engine destroyed. 02905_ Released System Shield. 02905_ Released Melee Analysis Suite. 02905_ Released Broken Weight Redist. System. 02906_ Penetrated by Slug. 02937_ Acquired 25 matter. 02945_ Acquired 3 matter. 02947_ Acquired 5 matter. 02949_ Acquired 3 matter. 02951_ Acquired 4 matter. 02962_ Acquired 1 matter. 02962_ Acquired 20 matter. 02964_ Critical hit (Burn: +37). Map ----- +----------------------------------------------------+ | ?????????????????????????????????????????????????? | | ?????????????????????????????????????????????????? | | ?????????????????????????????????????????????????? | | ?????????????????????????????????????????????????? | | ?????????????????????????????????????????????????? | | ?????????????????????????????????????????????????? | | ?????????????????????????????????????????????????? | | ?????????????????????????????????????????????????? | | #######????????????######????????????????????????? | | ## #######?????## ####?????????????????????? | | ####### % #?????????????????????? | | !% % #?????????????????????? | | #### ##%###### # ##?????????????????????? | | #??# ##=#????# # ##??????????????????????? | | #??# ##%###### # #???????????????????????? | | #??# ## #???????????????????????? | | #??# ## ##### #???????????????????????? | | #### # #???# ####???????????????????????? | | #! ### #???# #??????????????????????????? | | # ##?#% % ##??##g #??????????????????????????? | | ##??## ##???# ##?????????????????????????? | | ##???#### #????# s##????????????????????????? | | ###????# #????#g ##???????????????????????? | | ##???# #????# g ##??????????????????????? | | #???# #????# gl ##?????????????????????? | | ##??# #???## ##@ #?????????????????????? | | #### #?### ######?????????????????????? | | # ### #??????????????????????????? | | # ##### ##??????????????????????????? | | # ##??# ##???????????????????????????? | | #####?# #????????????????????????????? | | ## ####### ##????????????????????????????? | | ### ##???###?????????????????????????????? | | ####### ##??????????????????????????????????? | | #???## ####???????????????????????????????? | | ##### ## ##??????????????????????????????? | | #### ##?????????????????????????????? | | ###??# ####??????????????????????????? | | ############ ##?????????????????????????? | | ###???## ##????????????????????????? | | ??????# ### ##???????????????????????? | | ??????## $ ##??????????????????????? | | ???????# ######## #??????????????????????? | | ???????# # #" ?# # #??????????????????????? | | ???????# # #" # ??????????????????????? | | ??????## # #" / ????????????????????????? | | ??????# # #" / #????????????????????????? | | ??????# #"??# #????????????????????????? | | ?????## #" ?# # #????????????????????????? | | ????# ###+#### ####?##################### | +----------------------------------------------------+ Best States ------------- Heat Dissipation 34 Energy Generation 14 Energy Capacity 275 Matter Stores 300 Matter Capacity 300 Sight Range 16 Terrain Scan Range 16 Terrain Scan Density 10 ECM Strength 1 Additional Mass Support 6 EM Shielding 2 Evasion (%) 50 Targeting Accuracy 5 Melee Accuracy 5 Recoil Reduction 2 Defensive Hacking 10 Item Schematics ----------------- None Robot Schematics ------------------ None Fabricated ------------ Nothing Alien Tech Used ----------------- None Achievements -------------- None Challenges ------------ None Game ------ Seed ArchitectRagnarokBiocell Manual? 0 Play Time 00:27:26 Cumulative 98.8 hours Start 2022.12.03 @ 01:03:30 End 2022.12.03 @ 01:30:20 Sessions 1 Manual Loads 0 Difficulty Rogue Special Mode None Game No. 165 Rogue 119 Adventurer 45 Explorer 1 Win Type - Total 0 Types 0/0/0/0/0/0/0/0/0 Lore% 29 Gallery% 50 Achievement% 35 Wizard Run 0 Options --------- ASCII 0 Keyboard 0 Movement Mouse Keybinds 0 Fullscreen 2 Font 18/X11Bold Map View 76x50 Tactical HUD 1 Map Filters NONE Filters LOW_CONTRAST(13,24,33)|BRIGHTNESS(90)|SATURATION(87) Steam 1 RUN: c7805769-2cc8-47a1-a69d-92d4679afeb9